 Dungeon Crawl Stone Soup version 0.30.1-1-g62c8e00024 (webtiles) character file.

Game seed: 13794697217255432191

52 GeoRichter the Poker (level 4, 0/38 HPs)
             Began as a Meteoran Warper on July 15, 2023.
             Slain by a gnoll
             ... wielding a +0 halberd
              (7 damage)
             ... on level 2 of the Dungeon.
             The game lasted 00:02:29 (551 turns).

GeoRichter the Poker (Meteoran Warper)               Turns: 551, Time: 00:02:30

Health: 0/38       AC:  3    Str: 14    XL:     4   Next: 29%
Magic:  9/9        EV: 12    Int: 15    God:
Gold:   24         SH:  0    Dex: 13    Spells: 8/8 levels left

rFire   . . .        a - +0 spear
rCold   . . .        (no shield)
rNeg    . . .        b - +0 leather armour
rPois   .            (no helmet)
rElec   .            (no cloak)
rCorr   .            (no gloves)
SInv    .            (no boots)
Will    .....        (no amulet)
Stlth   +            (no ring)
HPRegen 0.26/turn    (no ring)
MPRegen 0.11/turn

%: no passive effects
@: glowing
A: sense surroundings 1, otherworldly, glowing, explore regen
a: no special abilities


You were on level 2 of the Dungeon.
You visited 1 branch of the dungeon, and saw 2 of its levels.

You collected 24 gold pieces.

Inventory:

Hand Weapons
 a - a +0 spear (weapon)
Missiles
 d - 7 boomerangs of dispersal (quivered) {!f}
Armour
 b - a +0 leather armour (worn)
Scrolls
 c - a scroll of blinking
 f - a scroll of teleportation {unknown}
 g - a scroll of poison {unknown}
 h - 2 scrolls of identify {unknown}
 i - a scroll of enchant weapon {unknown}
 j - a scroll of fear {unknown}
Potions
 e - 2 potions of curing {unknown}


   Skills:
 + Level 3.1 Fighting
 * Level 4.2 Polearms
 - Level 1.2 Throwing
 - Level 1.2 Armour
 - Level 2.4 Dodging
 - Level 2.6 Spellcasting
 - Level 3.6 Translocations


You had 8 spell levels left.
You didn't know any spells.
Your spell library contained the following spells:

 Spells                   Type           Power      Damage    Failure   Level
 Blink                    Tloc           24%        N/A       9%          2
 Lesser Beckoning         Tloc           24%        N/A       9%          2
 Teleport Other           Tloc           12%        N/A       17%         3
 Vhi's Electric Charge    Tloc/Air       14%        N/A       36%         3
 Manifold Assault         Tloc           12%        N/A       50%         4


Dungeon Overview and Level Annotations

Branches:
Dungeon (2/15) Zot: 655

Altars:


Innate Abilities, Weirdness & Mutations

You passively map a small area around you.
You are easily found by Zot.
You glow in the dark.
You regain HP and MP as you explore.


Message History

The gnoll is severely wounded.
The gnoll barely misses you.
You hit the gnoll but do no damage.
The gnoll is severely wounded.
The gnoll hits you but does no damage.
You hit the gnoll.
The gnoll is almost dead.
The gnoll closely misses you.
You hit the gnoll.
You kill the gnoll!
Your Fighting skill increases to level 3!
Your Polearms skill increases to level 4!
You have reached level 4!
You hit the gnoll.
The gnoll is moderately wounded.
The gnoll barely misses you.
You hit the gnoll.
The gnoll is heavily wounded.
The gnoll hits you but does no damage. The gnoll closely misses you.
You hit the gnoll.
The gnoll is almost dead.
The gnoll hits you from afar with a +0 halberd.
The gnoll hits you with a +0 club.
You hit the gnoll.
You kill the gnoll!
You reach to attack!
You closely miss the gnoll.
The gnoll hits you from afar with a +0 halberd.
You reach to attack!
You closely miss the gnoll.
The gnoll hits you from afar with a +0 halberd.
* * * LOW HITPOINT WARNING * * *
The gnoll barely misses you.
Items here: )) ††.
You hit the gnoll but do no damage. The gnoll closely misses you.
You closely miss the gnoll. The gnoll barely misses you.
You barely miss the gnoll. The gnoll hits you with a +0 halberd.
* * * LOW HITPOINT WARNING * * *
Really fire
d - 7 boomerangs of dispersal {!f}?
You completely miss the gnoll. The gnoll hits you with a +0 halberd.
* * * LOW HITPOINT WARNING * * *
You hit the gnoll.
The gnoll is moderately wounded.
The gnoll hits you with a +0 halberd.
* * * LOW HITPOINT WARNING * * *
You hit the gnoll but do no damage.
The gnoll is moderately wounded.
The gnoll misses you.
You closely miss the gnoll.
The gnoll is moderately wounded.
The gnoll hits you with a +0 halberd!
You die...

#.........#≈≈##.#§§# ,
#.#.####..#≈.#g)..≈#
#.........#§§§..#.≈# *
#######...##..#§≈#g##≈≈#,
,
......(.#.###.#§≈§..§≈§#
#######.......#≈≈≈g.≈≈§#
* , # ###.########''####
# #.########..# , #
#.......@g.## , #
######.##### # #># * , #
#.. , ## #.## ** ** .#
#.# .# #.# .# #.#** * *
.#


You could see a gnoll.

Vanquished Creatures
  An adder (D:2)
  2 gnolls (D:2)
  2 dart slugs (D:1)
  2 bats
  2 endoplasms (D:1)
  2 hobgoblins
  3 ball pythons
  2 frilled lizards (D:2)
  4 kobolds (D:1)
  3 rats (D:1)
23 creatures vanquished.

Notes
Turn   | Place    | Note
-------+----------+-------------------------------------------
     0 | D:1      | GeoRichter the Meteoran Warper began the quest for the Orb.
     0 | D:1      | Reached XP level 1. HP: 17/17 MP: 5/5
   105 | D:1      | Reached XP level 2. HP: 19/25 MP: 6/6
   205 | D:1      | Reached skill level 3 in Polearms
   308 | D:1      | Reached XP level 3. HP: 11/30 MP: 8/8
   538 | D:2      | Reached skill level 4 in Polearms
   538 | D:2      | Reached XP level 4. HP: 31/38 MP: 9/9
   551 | D:2      | Slain by a gnoll

Illustrated notes

Levels and vault maps discovered:
D:1:      dpeg_arrival_castle, layout_basic, minmay_cut_off
D:2:      layout_loops_ring, grunt_decor_arrowhead, kennysheep_generic_room_4

Skill      XL: |  1  2  3 |
---------------+----------+-----
Polearms       | 3 4 |  4.2
Fighting       | 3 |  3.1
Throwing       | |  1.2
Armour         | |  1.2
Dodging        | |  2.4
Spellcasting   | |  2.6
Translocations | |  3.6

Action                     |  1- 3 |  4- 6 || total
---------------------------+-------+-------++-------
  Melee: Spear             |   104 |    13 ||   117
 Armour: Leather armour    |    18 |     1 ||    19
  Dodge: Dodged            |    49 |     6 ||    55
